Arizona Coyotes vs Chicago Black Hawks
Created - Thursday, August 21, 2025 at 07:25
Goals
|
| Arizona Coyotes |
1 |
0 |
0 |
0 |
1 |
| Chicago Black Hawks |
0 |
0 |
1 |
1 |
2 |
|
Shots
|
| Arizona Coyotes |
18 |
4 |
11 |
0 |
33 |
| Chicago Black Hawks |
9 |
4 |
13 |
1 |
27 |
|
1st period
1. Arizona Coyotes , Mats Zuccarello 5 (Mason McTavish 6) at 12:20 (PP)
Penalties :
Brett Howden (CHI) for High sticking (Minor) at 11:49
2nd period
No Goal
Penalties :
Mark Jankowski (AZC) for Hooking (Minor) at 17:33
3rd period
2. Chicago Black Hawks , Leo Carlsson 6 (Oliver Bjorkstrand 1) at 2:37
Penalties :
Ryan Lindgren (CHI) for Interference (Minor) at 7:00, Charlie Coyle (AZC) for Holding (Minor) at 18:01
Overtime #1
3. Chicago Black Hawks , Christopher Tanev 1 (Matthew Beniers 7, Leo Carlsson 6) at 0:12
Penalties :
No Penalty
Goalie Stats
Elvis Merzlikins (AZC), 25 saves from 27 shots - (0.926), OTL, 6-3-1, 60:12 minutes
Filip Gustavsson (CHI), 32 saves from 33 shots - (0.970), W, 4-3-2, 60:12 minutes
Players Stats for Arizona Coyotes
Player Name G A P +/- PIM S H SB GA TA FO MP PP MP PK MP
------------------------------------------------------------------------------------
Anthony DeAngelo 0 0 0 0 0 0 1 2 0 0 0/0 17:14 0:00 0:00
Brayden McNabb 0 0 0 0 0 1 2 0 0 1 0/0 20:46 0:53 2:10
Brock McGinn 0 0 0 0 0 0 2 0 0 0 0/0 8:48 0:00 0:00
Charlie Coyle 0 0 0 -2 2 3 1 0 0 1 10/15 18:41 1:16 1:05
Erik Haula 0 0 0 0 0 2 1 0 2 0 6/13 14:23 0:00 0:00
Jani Hakanpaa 0 0 0 0 0 2 0 0 0 4 0/0 17:27 0:00 0:00
Jared Spurgeon 0 0 0 0 0 1 1 0 0 1 0/0 20:44 0:53 2:10
Johnathan Kovacevic 0 0 0 -2 0 1 1 0 0 0 0/0 21:05 1:37 1:48
Kiefer Sherwood 0 0 0 0 0 2 0 0 1 0 1/1 15:46 1:14 0:00
Mark Jankowski 0 0 0 0 2 2 0 0 1 0 1/3 9:17 0:00 0:00
Mason McTavish 0 1 1 0 0 1 1 0 0 1 9/12 16:02 1:14 0:06
Mats Zuccarello 1 0 1 0 0 4 3 0 1 0 0/0 17:51 1:14 1:29
Ondrej Palat 0 0 0 0 0 1 2 1 2 0 1/1 8:51 0:00 0:00
Radko Gudas 0 0 0 -2 0 0 2 0 0 0 0/0 20:41 1:37 1:48
Ross Colton 0 0 0 -1 0 1 2 1 1 0 0/4 15:43 0:00 1:18
Ryan Donato 0 0 0 -1 0 6 1 0 0 0 3/3 19:16 1:16 1:29
Tyler Bertuzzi 0 0 0 0 0 3 0 1 0 0 0/0 14:25 0:00 0:00
Tyler Seguin 0 0 0 -1 0 3 1 0 0 1 0/0 19:48 1:16 2:28
Players Stats for Chicago Black Hawks
Player Name G A P +/- PIM S H SB GA TA FO MP PP MP PK MP
------------------------------------------------------------------------------------
Barrett Hayton 0 0 0 0 0 2 0 0 3 0 10/21 17:16 1:23 1:20
Bobby Brink 0 0 0 0 0 1 2 0 0 2 0/0 13:28 0:00 0:00
Brett Howden 0 0 0 0 2 0 2 0 0 0 0/0 9:26 0:00 0:00
Christopher Tanev 1 0 1 2 0 1 2 1 0 0 0/0 25:52 3:08 1:14
Cole Sillinger 0 0 0 0 0 3 0 0 0 0 0/1 9:28 0:00 0:00
David Jiricek 0 0 0 0 0 0 3 3 0 0 0/0 15:24 0:00 1:16
Jonas Brodin 0 0 0 0 0 2 0 1 0 0 0/0 14:42 0:00 0:00
Justin Faulk 0 0 0 2 0 0 2 4 0 1 0/0 26:00 3:08 1:14
Leo Carlsson 1 1 2 2 0 4 1 0 2 0 7/13 20:16 2:34 1:10
Lucas Raymond 0 0 0 1 0 5 3 0 2 0 0/0 18:58 2:34 0:00
Matthew Beniers 0 1 1 1 0 1 0 0 0 0 2/7 13:40 0:00 0:00
Morgan Frost 0 0 0 0 0 0 1 0 0 0 1/2 9:23 0:00 0:00
Noah Cates 0 0 0 0 0 1 1 0 1 0 0/1 13:28 0:00 0:00
Noah Dobson 0 0 0 0 0 3 0 0 1 4 0/0 19:23 0:49 1:16
Oliver Bjorkstrand 0 1 1 1 0 0 0 0 0 0 0/0 20:05 2:34 1:20
Ryan Lindgren 0 0 0 0 2 0 1 0 0 1 0/0 18:26 0:49 0:00
Simon Holmstrom 0 0 0 0 0 3 2 0 0 0 0/6 17:04 1:23 1:10
Trevor Zegras 0 0 0 0 0 1 2 0 0 0 1/1 15:57 1:23 0:00
3 Stars
1 - Filip Gustavsson (CHI)
2 - Leo Carlsson (CHI)
3 - Christopher Tanev (CHI)
Power Play
Arizona Coyotes - 1 on 2 Attempt(s) - 50.00%
Chicago Black Hawks - 0 on 2 Attempt(s) - 0.00%
Penalty Kill
Arizona Coyotes - 2 on 2 Attempt(s) - 100.00%
- Score 0 goal in Penalty Kill
Chicago Black Hawks - 1 on 2 Attempt(s) - 50.00%
- Score 0 goal in Penalty Kill
Team Stat
Arizona Coyotes - Hits : 21 - Faceoff Wins : 31 - Blocked Shots : 5 - Penalty Minutes : 4
Chicago Black Hawks - Hits : 22 - Faceoff Wins : 21 - Blocked Shots : 9 - Penalty Minutes : 4
Official
Referees : Mitch Dunning and Eric Furlatt
Linesman : Joseph Mahon
Game Notes
No Game Note
Finance
Level 1 -- Attendance: 4140 (69.00%) -- Ticket Income $414,000
Level 2 -- Attendance: 3511 (70.22%) -- Ticket Income $210,660
Level 3 -- Attendance: 2275 (75.83%) -- Ticket Income $79,625
Level 4 -- Attendance: 3450 (69.00%) -- Ticket Income $86,250
Luxury Box -- Attendance: 837 (83.70%) -- Ticket Income $167,400
Game was played at the United Center.
Total Attendance: 14213 (71.07%)
Total Ticket Income: $957,935
Other Income: $335,277
Total Income: $1,293,212
Arizona Coyotes
5 vs 5 Forward
Center Left Wing Right Wing Time % Phy DF OF
1 Charlie Coyle Ryan Donato Tyler Seguin 31 0 1 4
2 Mason McTavish Mats Zuccarello Kiefer Sherwood 31 1 1 3
3 Erik Haula Tyler Bertuzzi Ross Colton 31 1 1 3
4 Mark Jankowski Ondrej Palat Brock McGinn 7 0 1 4
5 vs 5 Defense
Defense Defense Time % Phy DF OF
1 Radko Gudas Johnathan Kovacevic 35 1 3 1
2 Brayden McNabb Jared Spurgeon 35 1 3 1
3 Jani Hakanpaa Anthony DeAngelo 30 1 2 2
4 Radko Gudas Johnathan Kovacevic 0 1 2 2
PowerPlay Forward
Center Left Wing Right Wing Time % Phy DF OF
1 Charlie Coyle Ryan Donato Tyler Seguin 50 1 1 3
2 Mason McTavish Mats Zuccarello Kiefer Sherwood 50 1 1 3
PowerPlay Defense
Defense Defense Time % Phy DF OF
1 Radko Gudas Johnathan Kovacevic 50 1 2 2
2 Brayden McNabb Jared Spurgeon 50 1 2 2
Penalty Kill 4 Players Forward
Center Wing Time % Phy DF OF
1 Charlie Coyle Tyler Seguin 50 1 2 2
2 Ryan Donato Mats Zuccarello 50 1 2 2
Penalty Kill 4 Players Defense
Defense Defense Time % Phy DF OF
1 Radko Gudas Johnathan Kovacevic 50 1 2 2
2 Brayden McNabb Jared Spurgeon 50 1 2 2
Penalty Kill - 3 Players Forward
Forward Time % Phy DF OF
1 Charlie Coyle 50 1 2 2
2 Tyler Seguin 50 1 2 2
Penalty Kill - 3 Players Defense
Defense Defense Time % Phy DF OF
1 Radko Gudas Johnathan Kovacevic 50 1 2 2
2 Brayden McNabb Jared Spurgeon 50 1 2 2
4 vs 4 Forward
Center Wing Time % Phy DF OF
1 Charlie Coyle Tyler Seguin 50 1 2 2
2 Ryan Donato Mats Zuccarello 50 1 2 2
4 vs 4 Defense
Defense Defense Time % Phy DF OF
1 Radko Gudas Johnathan Kovacevic 50 1 2 2
2 Brayden McNabb Jared Spurgeon 50 1 2 2
Last Minutes Offensive
Center Left Wing Right Wing Defense Defense
Charlie Coyle Ryan Donato Tyler Seguin Radko Gudas Johnathan Kovacevic
Last Minutes Defensive
Center Left Wing Right Wing Defense Defense
Charlie Coyle Ryan Donato Tyler Seguin Radko Gudas Johnathan Kovacevic
Goaltenders
Starting : Elvis Merzlikins
Backup : Jacob Markstrom
Extra Forwards
Normal : Tyler Bertuzzi, Erik Haula, Ross Colton - PP : Tyler Bertuzzi, Erik Haula - PK : Ross Colton
Extra Defensemen
Normal : Jani Hakanpaa, Anthony DeAngelo, Brayden McNabb - PP : Jani Hakanpaa - PK : Anthony DeAngelo, Brayden McNabb
Penalty Shots
Charlie Coyle, Tyler Seguin, Ryan Donato, Mats Zuccarello, Mason McTavish
Scratches
Matt Dumba (Healthy), Maksymilian Szuber (Healthy), Corson Ceulemans (Healthy), Carter Hart (Healthy)
Chicago Black Hawks
5 vs 5 Forward
Center Left Wing Right Wing Time % Phy DF OF
1 Leo Carlsson Lucas Raymond Oliver Bjorkstrand 30 1 2 2
2 Barrett Hayton Simon Holmstrom Trevor Zegras 30 1 2 2
3 Matthew Beniers Noah Cates Bobby Brink 25 1 2 2
4 Morgan Frost Brett Howden Cole Sillinger 15 1 2 2
5 vs 5 Defense
Defense Defense Time % Phy DF OF
1 Justin Faulk Christopher Tanev 30 1 2 2
2 Noah Dobson Ryan Lindgren 30 1 2 2
3 Jonas Brodin David Jiricek 25 1 2 2
4 Justin Faulk Christopher Tanev 15 1 2 2
PowerPlay Forward
Center Left Wing Right Wing Time % Phy DF OF
1 Leo Carlsson Lucas Raymond Oliver Bjorkstrand 50 1 2 2
2 Barrett Hayton Simon Holmstrom Trevor Zegras 50 1 2 2
PowerPlay Defense
Defense Defense Time % Phy DF OF
1 Justin Faulk Christopher Tanev 50 1 2 2
2 Noah Dobson Ryan Lindgren 50 1 2 2
Penalty Kill 4 Players Forward
Center Wing Time % Phy DF OF
1 Simon Holmstrom Leo Carlsson 50 1 2 2
2 Barrett Hayton Oliver Bjorkstrand 50 1 2 2
Penalty Kill 4 Players Defense
Defense Defense Time % Phy DF OF
1 Justin Faulk Christopher Tanev 50 1 2 2
2 Noah Dobson Ryan Lindgren 50 1 2 2
Penalty Kill - 3 Players Forward
Forward Time % Phy DF OF
1 Oliver Bjorkstrand 50 1 2 2
2 Leo Carlsson 50 1 2 2
Penalty Kill - 3 Players Defense
Defense Defense Time % Phy DF OF
1 Justin Faulk Christopher Tanev 50 1 2 2
2 Noah Dobson Ryan Lindgren 50 1 2 2
4 vs 4 Forward
Center Wing Time % Phy DF OF
1 Matthew Beniers Leo Carlsson 50 1 2 2
2 Barrett Hayton Oliver Bjorkstrand 50 1 2 2
4 vs 4 Defense
Defense Defense Time % Phy DF OF
1 Justin Faulk Christopher Tanev 50 1 2 2
2 Noah Dobson Ryan Lindgren 50 1 2 2
Last Minutes Offensive
Center Left Wing Right Wing Defense Defense
Leo Carlsson Lucas Raymond Oliver Bjorkstrand Justin Faulk Christopher Tanev
Last Minutes Defensive
Center Left Wing Right Wing Defense Defense
Leo Carlsson Lucas Raymond Oliver Bjorkstrand Justin Faulk Christopher Tanev
Goaltenders
Starting : Filip Gustavsson
Backup : Adin Hill
Extra Forwards
Normal : Cole Sillinger, Matthew Beniers, Morgan Frost - PP : Cole Sillinger, Matthew Beniers - PK : Morgan Frost
Extra Defensemen
Normal : Jonas Brodin, David Jiricek, Noah Dobson - PP : Jonas Brodin - PK : David Jiricek, Noah Dobson
Penalty Shots
Cole Sillinger, Leo Carlsson, Barrett Hayton, Oliver Bjorkstrand, Simon Holmstrom
Scratches
Joseph Veleno (Healthy), Simon Nemec (Healthy), Eeli Tolvanen (Healthy), Antonio Stranges (Healthy), Jesper Wallstedt (Healthy)
% Time on Ice - Arizona Coyotes
Lines # - Real PCT - Wanted PCT - Time Play
Normal Forward
1 - 29% - 31% - 15:34
2 - 28% - 31% - 15:00
3 - 29% - 31% - 15:35
4 - 14% - 7% - 7:24
Normal Defense
1 - 34% - 35% - 18:24
2 - 33% - 35% - 17:48
3 - 32% - 30% - 17:21
4 - 0% - 0% - 0:00
PP Forward
1 - 51% - 50% - 1:16
2 - 49% - 50% - 1:14
PP Defense
1 - 65% - 50% - 1:37
2 - 35% - 50% - 0:53
PK Forward
1 - 62% - 50% - 2:28
2 - 38% - 50% - 1:29
PK Defense
1 - 45% - 50% - 1:47
2 - 55% - 50% - 2:10
PK3 Forward
1 - 100% - 50% - 0:01
2 - 0% - 50% - 0:00
PK3 Defense
1 - 100% - 50% - 0:01
2 - 0% - 50% - 0:00
44 Forward
1 - 100% - 50% - 0:11
2 - 0% - 50% - 0:00
44 Defense
1 - 100% - 50% - 0:11
2 - 0% - 50% - 0:00
Last Minute Offensive - 0:00
Last Minute Defensive - 0:00
Total
Forward - 60:12
Defense - 60:12
|
% Time on Ice - Chicago Black Hawks
Lines # - Real PCT - Wanted PCT - Time Play
Normal Forward
1 - 30% - 30% - 16:09
2 - 27% - 30% - 14:33
3 - 25% - 25% - 13:28
4 - 18% - 15% - 9:23
Normal Defense
1 - 28% - 30% - 15:06
2 - 31% - 30% - 16:42
3 - 27% - 25% - 14:31
4 - 14% - 15% - 7:14
PP Forward
1 - 65% - 50% - 2:34
2 - 35% - 50% - 1:23
PP Defense
1 - 79% - 50% - 3:08
2 - 21% - 50% - 0:49
PK Forward
1 - 47% - 50% - 1:10
2 - 53% - 50% - 1:20
PK Defense
1 - 49% - 50% - 1:14
2 - 51% - 50% - 1:16
PK3 Forward
1 - 0% - 50%
2 - 0% - 50%
PK3 Defense
1 - 0% - 50%
2 - 0% - 50%
44 Forward
1 - 100% - 50% - 0:12
2 - 0% - 50% - 0:00
44 Defense
1 - 100% - 50% - 0:12
2 - 0% - 50% - 0:00
Last Minute Offensive - 0:00
Last Minute Defensive - 0:00
Total
Forward - 60:12
Defense - 60:12
|
Play-by-Play
1st period
0:01 of 1st period - Charlie Coyle wins face-off versus Leo Carlsson in neutral zone.
0:14 of 1st period - Wrist shot by Ryan Donato.
0:14 of 1st period - Stopped by Filip Gustavsson with a rebound.
0:42 of 1st period - Snap shot by Leo Carlsson.
0:42 of 1st period - Stopped by Elvis Merzlikins with a rebound.
1:19 of 1st period - Slapshot by Charlie Coyle.
1:19 of 1st period - Shot Misses the Net.
1:21 of 1st period - Slapshot by Jani Hakanpaa.
1:21 of 1st period - Deflect By Noah Dobson.
1:21 of 1st period - Stopped by Filip Gustavsson without a rebound.
1:22 of 1st period - Morgan Frost wins face-off versus Mark Jankowski in Chicago Black Hawks zone.
1:37 of 1st period - Wrist shot by Morgan Frost.
1:37 of 1st period - Shot Misses the Net.
2:30 of 1st period - Snap shot by Leo Carlsson.
2:30 of 1st period - Shot Misses the Net.
2:32 of 1st period - Slapshot by David Jiricek.
2:32 of 1st period - Shot Blocked by Anthony DeAngelo.
2:34 of 1st period - Wrist shot by Lucas Raymond.
2:34 of 1st period - Shot Misses the Net.
2:36 of 1st period - Wrist shot by Jonas Brodin.
2:36 of 1st period - Deflect By Tyler Seguin.
2:36 of 1st period - Stopped by Elvis Merzlikins with a rebound.
2:50 of 1st period - Slapshot by Mark Jankowski.
2:50 of 1st period - Stopped by Filip Gustavsson with a rebound.
2:52 of 1st period - Slapshot by Jani Hakanpaa.
2:52 of 1st period - Stopped by Filip Gustavsson without a rebound.
2:53 of 1st period - Mason McTavish wins face-off versus Noah Cates in Chicago Black Hawks zone.
3:18 of 1st period - Radko Gudas is hit by Trevor Zegras and loses puck.
3:27 of 1st period - Wrist shot by Tyler Bertuzzi.
3:27 of 1st period - Shot Misses the Net.
3:43 of 1st period - Mark Jankowski is hit by Brett Howden and loses puck.
3:48 of 1st period - Slapshot by Cole Sillinger.
3:48 of 1st period - Stopped by Elvis Merzlikins with a rebound.
4:42 of 1st period - Slapshot by Mats Zuccarello.
4:42 of 1st period - Shot Misses the Net.
4:44 of 1st period - Snap shot by Kiefer Sherwood.
4:44 of 1st period - Stopped by Filip Gustavsson without a rebound.
4:45 of 1st period - Barrett Hayton wins face-off versus Mason McTavish in Chicago Black Hawks zone.
5:10 of 1st period - Matthew Beniers is hit by Ryan Donato.
5:14 of 1st period - Snap shot by Ryan Donato.
5:14 of 1st period - Deflect By Tyler Seguin.
5:14 of 1st period - Shot Misses the Net.
5:14 of 1st period - Puck is out of play.
5:15 of 1st period - Charlie Coyle wins face-off versus Leo Carlsson in Chicago Black Hawks zone.
5:18 of 1st period - Snap shot by Ryan Donato.
5:18 of 1st period - Shot Misses the Net.
5:20 of 1st period - Snap shot by Charlie Coyle.
5:20 of 1st period - Stopped by Filip Gustavsson with a rebound.
5:24 of 1st period - Wrist shot by Tyler Seguin.
5:24 of 1st period - Shot Blocked by Justin Faulk.
5:26 of 1st period - Slapshot by Radko Gudas.
5:26 of 1st period - Shot Misses the Net.
5:28 of 1st period - Slapshot by Radko Gudas.
5:28 of 1st period - Shot Misses the Net.
5:30 of 1st period - Snap shot by Ryan Donato.
5:30 of 1st period - Stopped by Filip Gustavsson without a rebound.
5:31 of 1st period - Erik Haula wins face-off versus Barrett Hayton in Chicago Black Hawks zone.
5:44 of 1st period - Wrist shot by Tyler Bertuzzi.
5:44 of 1st period - Stopped by Filip Gustavsson without a rebound.
5:45 of 1st period - Mason McTavish wins face-off versus Matthew Beniers in Chicago Black Hawks zone.
5:54 of 1st period - Wrist shot by Mats Zuccarello.
5:54 of 1st period - Shot Misses the Net.
5:58 of 1st period - Wrist shot by Mats Zuccarello.
5:58 of 1st period - Shot Misses the Net.
6:00 of 1st period - Wrist shot by Johnathan Kovacevic.
6:00 of 1st period - Stopped by Filip Gustavsson with a rebound.
6:19 of 1st period - Erik Haula is hit by Trevor Zegras.
6:35 of 1st period - Snap shot by Barrett Hayton.
6:35 of 1st period - Stopped by Elvis Merzlikins with a rebound.
7:19 of 1st period - Snap shot by Mason McTavish.
7:19 of 1st period - Stopped by Filip Gustavsson with a rebound.
7:21 of 1st period - Snap shot by Mats Zuccarello.
7:21 of 1st period - Stopped by Filip Gustavsson with a rebound.
7:23 of 1st period - Slapshot by Kiefer Sherwood.
7:23 of 1st period - Stopped by Filip Gustavsson with a rebound.
7:33 of 1st period - Erik Haula is hit by David Jiricek.
7:37 of 1st period - Noah Cates is hit by Radko Gudas and loses puck.
7:42 of 1st period - Snap shot by Tyler Bertuzzi.
7:42 of 1st period - Stopped by Filip Gustavsson with a rebound.
7:52 of 1st period - Jonas Brodin is hit by Johnathan Kovacevic and loses puck.
7:57 of 1st period - Snap shot by Ondrej Palat.
7:57 of 1st period - Shot Blocked by Jonas Brodin.
9:03 of 1st period - Anthony DeAngelo is hit by Brett Howden and loses puck.
9:28 of 1st period - Christopher Tanev is hit by Brock McGinn and loses puck.
9:47 of 1st period - Kiefer Sherwood is hit by Noah Cates and loses puck.
11:49 of 1st period - Minor Penalty to Brett Howden for High sticking.
11:50 of 1st period - Charlie Coyle wins face-off versus Simon Holmstrom in Chicago Black Hawks zone.
12:04 of 1st period - Slapshot by Ryan Donato.
12:04 of 1st period - Stopped by Filip Gustavsson without a rebound.
12:05 of 1st period - Mason McTavish wins face-off versus Barrett Hayton in Chicago Black Hawks zone.
12:20 of 1st period - Wrist shot by Mats Zuccarello.
12:20 of 1st period - Goal by Mats Zuccarello - Arizona Coyotes : 1 - Chicago Black Hawks : 0.
12:21 of 1st period - Barrett Hayton wins face-off versus Mason McTavish in neutral zone.
12:36 of 1st period - Snap shot by Simon Holmstrom.
12:36 of 1st period - Shot Misses the Net.
12:45 of 1st period - Icing by Mats Zuccarello.
12:46 of 1st period - Leo Carlsson wins face-off versus Erik Haula in Arizona Coyotes zone.
13:15 of 1st period - Slapshot by Simon Holmstrom.
13:15 of 1st period - Stopped by Elvis Merzlikins with a rebound.
14:04 of 1st period - Lucas Raymond is hit by Brock McGinn and loses puck.
14:41 of 1st period - Slapshot by Ryan Donato.
14:41 of 1st period - Stopped by Filip Gustavsson with a rebound.
14:43 of 1st period - Wrist shot by Tyler Seguin.
14:43 of 1st period - Stopped by Filip Gustavsson without a rebound.
14:44 of 1st period - Kiefer Sherwood wins face-off versus Leo Carlsson in Chicago Black Hawks zone.
14:55 of 1st period - Snap shot by Lucas Raymond.
14:55 of 1st period - Stopped by Elvis Merzlikins without a rebound.
14:56 of 1st period - Barrett Hayton wins face-off versus Erik Haula in Arizona Coyotes zone.
14:57 of 1st period - Slapshot by Simon Holmstrom.
14:57 of 1st period - Stopped by Elvis Merzlikins without a rebound.
14:58 of 1st period - Barrett Hayton wins face-off versus Erik Haula in Arizona Coyotes zone.
15:09 of 1st period - Wrist shot by Simon Holmstrom.
15:09 of 1st period - Stopped by Elvis Merzlikins with a rebound.
15:52 of 1st period - Snap shot by Mark Jankowski.
15:52 of 1st period - Stopped by Filip Gustavsson without a rebound.
15:53 of 1st period - Leo Carlsson wins face-off versus Mark Jankowski in Chicago Black Hawks zone.
16:30 of 1st period - Icing by Matthew Beniers.
16:31 of 1st period - Charlie Coyle wins face-off versus Matthew Beniers in Chicago Black Hawks zone.
16:40 of 1st period - Johnathan Kovacevic is hit by Christopher Tanev and loses puck.
16:59 of 1st period - Snap shot by Mats Zuccarello.
16:59 of 1st period - Shot Blocked by Justin Faulk.
17:46 of 1st period - Snap shot by Bobby Brink.
17:46 of 1st period - Stopped by Elvis Merzlikins without a rebound.
17:47 of 1st period - Charlie Coyle wins face-off versus Simon Holmstrom in Arizona Coyotes zone.
17:47 of 1st period - Charlie Coyle is hit by Ryan Lindgren.
17:53 of 1st period - Ryan Lindgren is hit by Jared Spurgeon and loses puck.
18:14 of 1st period - Leo Carlsson is hit by Brayden McNabb and loses puck.
18:39 of 1st period - Wrist shot by Cole Sillinger.
18:39 of 1st period - Shot Blocked by Anthony DeAngelo.
18:41 of 1st period - Slapshot by Noah Dobson.
18:41 of 1st period - Shot Blocked by Tyler Bertuzzi.
18:55 of 1st period - Ondrej Palat is hit by David Jiricek and loses puck.
Goals for this period are 1 for Arizona Coyotes vs 0 for Chicago Black Hawks.
Shots for this period are 18 for Arizona Coyotes vs 9 for Chicago Black Hawks.
2nd period
0:01 of 2nd period - Barrett Hayton wins face-off versus Charlie Coyle in neutral zone.
0:08 of 2nd period - Slapshot by Tyler Seguin.
0:08 of 2nd period - Stopped by Filip Gustavsson without a rebound.
0:09 of 2nd period - Charlie Coyle wins face-off versus Barrett Hayton in Chicago Black Hawks zone.
0:12 of 2nd period - Snap shot by Ryan Donato.
0:12 of 2nd period - Shot Misses the Net.
0:14 of 2nd period - Slapshot by Ryan Donato.
0:14 of 2nd period - Stopped by Filip Gustavsson without a rebound.
0:15 of 2nd period - Leo Carlsson wins face-off versus Erik Haula in Chicago Black Hawks zone.
0:40 of 2nd period - Trevor Zegras is hit by Brayden McNabb.
0:48 of 2nd period - Wrist shot by Barrett Hayton.
0:48 of 2nd period - Shot Misses the Net.
0:50 of 2nd period - Snap shot by Barrett Hayton.
0:50 of 2nd period - Stopped by Elvis Merzlikins with a rebound.
1:08 of 2nd period - Snap shot by Morgan Frost.
1:08 of 2nd period - Shot Misses the Net.
1:10 of 2nd period - Wrist shot by Brett Howden.
1:10 of 2nd period - Shot Misses the Net.
1:12 of 2nd period - Backhand shot by Jonas Brodin.
1:12 of 2nd period - Shot Hit the Post.
1:30 of 2nd period - Ryan Donato is hit by Bobby Brink and loses puck.
1:52 of 2nd period - Justin Faulk is hit by Tyler Seguin.
2:17 of 2nd period - Tyler Seguin is hit by Christopher Tanev and loses puck.
3:08 of 2nd period - Charlie Coyle is hit by Leo Carlsson and loses puck.
4:17 of 2nd period - Snap shot by Lucas Raymond.
4:17 of 2nd period - Stopped by Elvis Merzlikins with a rebound.
4:43 of 2nd period - Snap shot by Charlie Coyle.
4:43 of 2nd period - Shot Misses the Net.
4:45 of 2nd period - Slapshot by Ryan Donato.
4:45 of 2nd period - Shot Blocked by Justin Faulk.
4:47 of 2nd period - Snap shot by Ryan Donato.
4:47 of 2nd period - Deflect By Tyler Seguin.
4:47 of 2nd period - Stopped by Filip Gustavsson without a rebound.
4:48 of 2nd period - Barrett Hayton wins face-off versus Erik Haula in Chicago Black Hawks zone.
4:57 of 2nd period - Johnathan Kovacevic is hit by Simon Holmstrom.
5:13 of 2nd period - Ryan Lindgren is hit by Mats Zuccarello and loses puck.
5:24 of 2nd period - Snap shot by Mason McTavish.
5:24 of 2nd period - Shot Misses the Net.
5:54 of 2nd period - Wrist shot by Erik Haula.
5:54 of 2nd period - Stopped by Filip Gustavsson without a rebound.
5:55 of 2nd period - Barrett Hayton wins face-off versus Erik Haula in Chicago Black Hawks zone.
6:28 of 2nd period - Wrist shot by Simon Holmstrom.
6:28 of 2nd period - Shot Misses the Net.
7:23 of 2nd period - Noah Cates is hit by Ondrej Palat and loses puck.
7:46 of 2nd period - David Jiricek is hit by Ross Colton and loses puck.
8:09 of 2nd period - Jani Hakanpaa is hit by Bobby Brink and loses puck.
11:17 of 2nd period - Ryan Lindgren is hit by Anthony DeAngelo.
13:22 of 2nd period - Ryan Lindgren is hit by Mats Zuccarello and loses puck.
15:04 of 2nd period - Tyler Bertuzzi is hit by Morgan Frost and loses puck.
15:35 of 2nd period - Mason McTavish is hit by David Jiricek and loses puck.
15:42 of 2nd period - Jonas Brodin is hit by Mason McTavish and loses puck.
15:59 of 2nd period - Radko Gudas is hit by Lucas Raymond and loses puck.
16:29 of 2nd period - Icing by Matthew Beniers.
16:30 of 2nd period - Erik Haula wins face-off versus Barrett Hayton in Chicago Black Hawks zone.
17:23 of 2nd period - Noah Dobson is hit by Ondrej Palat and loses puck.
17:33 of 2nd period - Minor Penalty to Mark Jankowski for Hooking.
17:34 of 2nd period - Leo Carlsson wins face-off versus Charlie Coyle in Arizona Coyotes zone.
17:48 of 2nd period - Snap shot by Lucas Raymond.
17:48 of 2nd period - Stopped by Elvis Merzlikins with a rebound.
18:59 of 2nd period - Wrist shot by Lucas Raymond.
18:59 of 2nd period - Stopped by Elvis Merzlikins with a rebound.
19:14 of 2nd period - Icing by Oliver Bjorkstrand.
19:15 of 2nd period - Ryan Donato wins face-off versus Leo Carlsson in Chicago Black Hawks zone.
19:24 of 2nd period - Snap shot by Barrett Hayton.
19:24 of 2nd period - Shot Misses the Net.
19:33 of 2nd period - Penalty to Mark Jankowski is over, Mark Jankowski is back on ice.
Goals for this period are 0 for Arizona Coyotes vs 0 for Chicago Black Hawks.
Shots for this period are 4 for Arizona Coyotes vs 4 for Chicago Black Hawks.
3rd period
0:01 of 3rd period - Barrett Hayton wins face-off versus Charlie Coyle in neutral zone.
0:10 of 3rd period - Wrist shot by Charlie Coyle.
0:10 of 3rd period - Stopped by Filip Gustavsson without a rebound.
0:11 of 3rd period - Barrett Hayton wins face-off versus Mason McTavish in Chicago Black Hawks zone.
0:16 of 3rd period - Mats Zuccarello is hit by Justin Faulk and loses puck.
1:17 of 3rd period - Wrist shot by Ross Colton.
1:17 of 3rd period - Stopped by Filip Gustavsson without a rebound.
1:18 of 3rd period - Mark Jankowski wins face-off versus Cole Sillinger in Chicago Black Hawks zone.
1:19 of 3rd period - Wrist shot by Ondrej Palat.
1:19 of 3rd period - Stopped by Filip Gustavsson without a rebound.
1:20 of 3rd period - Ondrej Palat wins face-off versus Morgan Frost in Chicago Black Hawks zone.
1:33 of 3rd period - Slapshot by Ondrej Palat.
1:33 of 3rd period - Shot Blocked by David Jiricek.
1:35 of 3rd period - Slapshot by Ondrej Palat.
1:35 of 3rd period - Shot Misses the Net.
1:42 of 3rd period - Icing by David Jiricek.
1:43 of 3rd period - Mason McTavish wins face-off versus Barrett Hayton in Chicago Black Hawks zone.
1:54 of 3rd period - Snap shot by Mason McTavish.
1:54 of 3rd period - Shot Misses the Net.
1:56 of 3rd period - Wrist shot by Kiefer Sherwood.
1:56 of 3rd period - Shot Blocked by David Jiricek.
2:05 of 3rd period - Icing by Jonas Brodin.
2:06 of 3rd period - Leo Carlsson wins face-off versus Charlie Coyle in Chicago Black Hawks zone.
2:25 of 3rd period - David Jiricek is hit by Radko Gudas and loses puck.
2:37 of 3rd period - Snap shot by Leo Carlsson.
2:37 of 3rd period - Goal by Leo Carlsson - Arizona Coyotes : 1 - Chicago Black Hawks : 1.
2:38 of 3rd period - Mason McTavish wins face-off versus Barrett Hayton in neutral zone.
3:10 of 3rd period - Lucas Raymond is hit by Erik Haula and loses puck.
3:33 of 3rd period - Snap shot by Noah Dobson.
3:33 of 3rd period - Stopped by Elvis Merzlikins with a rebound.
3:35 of 3rd period - Snap shot by Bobby Brink.
3:35 of 3rd period - Deflect By Matthew Beniers.
3:35 of 3rd period - Shot Misses the Net.
3:35 of 3rd period - Puck is out of play.
3:36 of 3rd period - Mason McTavish wins face-off versus Barrett Hayton in Arizona Coyotes zone.
4:01 of 3rd period - Erik Haula is hit by Justin Faulk and loses puck.
4:52 of 3rd period - Wrist shot by Matthew Beniers.
4:52 of 3rd period - Stopped by Elvis Merzlikins with a rebound.
5:20 of 3rd period - Wrist shot by Ryan Donato.
5:20 of 3rd period - Stopped by Filip Gustavsson without a rebound.
5:21 of 3rd period - Mason McTavish wins face-off versus Leo Carlsson in Chicago Black Hawks zone.
5:46 of 3rd period - Jared Spurgeon is hit by Simon Holmstrom and loses puck.
7:00 of 3rd period - Minor Penalty to Ryan Lindgren for Interference.
7:01 of 3rd period - Charlie Coyle wins face-off versus Simon Holmstrom in Chicago Black Hawks zone.
7:07 of 3rd period - Snap shot by Charlie Coyle.
7:07 of 3rd period - Stopped by Filip Gustavsson without a rebound.
7:08 of 3rd period - Charlie Coyle wins face-off versus Simon Holmstrom in Chicago Black Hawks zone.
7:55 of 3rd period - Wrist shot by Mats Zuccarello.
7:55 of 3rd period - Stopped by Filip Gustavsson without a rebound.
7:56 of 3rd period - Charlie Coyle wins face-off versus Simon Holmstrom in Chicago Black Hawks zone.
9:00 of 3rd period - Penalty to Ryan Lindgren is over, Ryan Lindgren is back on ice.
9:36 of 3rd period - Slapshot by Cole Sillinger.
9:36 of 3rd period - Shot Blocked by Ondrej Palat.
9:38 of 3rd period - Snap shot by Brett Howden.
9:38 of 3rd period - Shot Misses the Net.
9:40 of 3rd period - Snap shot by Morgan Frost.
9:40 of 3rd period - Shot Misses the Net.
9:46 of 3rd period - Wrist shot by Cole Sillinger.
9:46 of 3rd period - Deflect By Anthony DeAngelo.
9:46 of 3rd period - Stopped by Elvis Merzlikins with a rebound.
10:46 of 3rd period - Slapshot by Leo Carlsson.
10:46 of 3rd period - Stopped by Elvis Merzlikins with a rebound.
10:48 of 3rd period - Snap shot by Lucas Raymond.
10:48 of 3rd period - Shot Misses the Net.
11:46 of 3rd period - Anthony DeAngelo is hit by Lucas Raymond and loses puck.
12:05 of 3rd period - Justin Faulk is hit by Charlie Coyle and loses puck.
12:32 of 3rd period - Slapshot by Ryan Donato.
12:32 of 3rd period - Deflect By Charlie Coyle.
12:32 of 3rd period - Shot Blocked by Christopher Tanev.
12:32 of 3rd period - Puck is out of play.
12:33 of 3rd period - Mason McTavish wins face-off versus Matthew Beniers in Chicago Black Hawks zone.
12:34 of 3rd period - Slapshot by Mats Zuccarello.
12:34 of 3rd period - Shot Misses the Net.
12:48 of 3rd period - Snap shot by Noah Cates.
12:48 of 3rd period - Deflect By Mason McTavish.
12:48 of 3rd period - Stopped by Elvis Merzlikins without a rebound.
12:49 of 3rd period - Erik Haula wins face-off versus Barrett Hayton in Arizona Coyotes zone.
12:54 of 3rd period - Wrist shot by Tyler Bertuzzi.
12:54 of 3rd period - Stopped by Filip Gustavsson without a rebound.
12:55 of 3rd period - Trevor Zegras wins face-off versus Ross Colton in Chicago Black Hawks zone.
12:55 of 3rd period - Trevor Zegras is hit by Ross Colton.
14:08 of 3rd period - Off-side.
14:09 of 3rd period - Charlie Coyle wins face-off versus Matthew Beniers in neutral zone.
14:19 of 3rd period - Icing by Jonas Brodin.
14:20 of 3rd period - Matthew Beniers wins face-off versus Charlie Coyle in Chicago Black Hawks zone.
14:30 of 3rd period - Slapshot by Noah Cates.
14:30 of 3rd period - Shot Misses the Net.
14:32 of 3rd period - Wrist shot by Bobby Brink.
14:32 of 3rd period - Shot Misses the Net.
14:34 of 3rd period - Slapshot by Jonas Brodin.
14:34 of 3rd period - Stopped by Elvis Merzlikins without a rebound.
14:35 of 3rd period - Erik Haula wins face-off versus Barrett Hayton in Arizona Coyotes zone.
14:44 of 3rd period - Snap shot by Brayden McNabb.
14:44 of 3rd period - Stopped by Filip Gustavsson without a rebound.
14:45 of 3rd period - Erik Haula wins face-off versus Barrett Hayton in Chicago Black Hawks zone.
14:52 of 3rd period - Slapshot by Erik Haula.
14:52 of 3rd period - Stopped by Filip Gustavsson without a rebound.
14:53 of 3rd period - Mason McTavish wins face-off versus Simon Holmstrom in Chicago Black Hawks zone.
14:56 of 3rd period - Slapshot by Mason McTavish.
14:56 of 3rd period - Shot Hit the Post.
14:58 of 3rd period - Wrist shot by Mats Zuccarello.
14:58 of 3rd period - Shot Blocked by Justin Faulk.
15:00 of 3rd period - Slapshot by Jared Spurgeon.
15:00 of 3rd period - Shot Misses the Net.
15:02 of 3rd period - Slapshot by Jared Spurgeon.
15:02 of 3rd period - Deflect By Mats Zuccarello.
15:02 of 3rd period - Stopped by Filip Gustavsson with a rebound.
15:04 of 3rd period - Slapshot by Jared Spurgeon.
15:04 of 3rd period - Stopped by Filip Gustavsson with a rebound.
15:25 of 3rd period - Backhand shot by Tyler Bertuzzi.
15:25 of 3rd period - Shot Misses the Net.
15:27 of 3rd period - Snap shot by Ross Colton.
15:27 of 3rd period - Shot Blocked by David Jiricek.
16:09 of 3rd period - Slapshot by Cole Sillinger.
16:09 of 3rd period - Stopped by Elvis Merzlikins without a rebound.
16:10 of 3rd period - Erik Haula wins face-off versus Matthew Beniers in Arizona Coyotes zone.
16:35 of 3rd period - Oliver Bjorkstrand is hit by Mats Zuccarello and loses puck.
16:51 of 3rd period - Icing by Lucas Raymond.
16:52 of 3rd period - Leo Carlsson wins face-off versus Erik Haula in Chicago Black Hawks zone.
16:59 of 3rd period - Tyler Bertuzzi is hit by Lucas Raymond and loses puck.
17:26 of 3rd period - Snap shot by Leo Carlsson.
17:26 of 3rd period - Shot Misses the Net.
17:36 of 3rd period - Snap shot by Leo Carlsson.
17:36 of 3rd period - Stopped by Elvis Merzlikins with a rebound.
18:01 of 3rd period - Minor Penalty to Charlie Coyle for Holding.
18:02 of 3rd period - Ryan Donato wins face-off versus Barrett Hayton in Arizona Coyotes zone.
18:11 of 3rd period - Off-side.
18:12 of 3rd period - Barrett Hayton wins face-off versus Ross Colton in neutral zone.
18:21 of 3rd period - Slapshot by Trevor Zegras.
18:21 of 3rd period - Stopped by Elvis Merzlikins with a rebound.
18:49 of 3rd period - Slapshot by Simon Holmstrom.
18:49 of 3rd period - Shot Misses the Net.
19:10 of 3rd period - Snap shot by Barrett Hayton.
19:10 of 3rd period - Deflect By Johnathan Kovacevic.
19:10 of 3rd period - Shot Misses the Net.
19:10 of 3rd period - Puck is out of play.
19:11 of 3rd period - Ryan Donato wins face-off versus Leo Carlsson in Arizona Coyotes zone.
19:20 of 3rd period - Slapshot by Noah Dobson.
19:20 of 3rd period - Stopped by Elvis Merzlikins without a rebound.
19:21 of 3rd period - Leo Carlsson wins face-off versus Ross Colton in Arizona Coyotes zone.
19:38 of 3rd period - Slapshot by Lucas Raymond.
19:38 of 3rd period - Stopped by Elvis Merzlikins with a rebound.
19:40 of 3rd period - Snap shot by Oliver Bjorkstrand.
19:40 of 3rd period - Shot Misses the Net.
19:42 of 3rd period - Snap shot by Noah Dobson.
19:42 of 3rd period - Deflect By Jared Spurgeon.
19:42 of 3rd period - Stopped by Elvis Merzlikins with a rebound.
19:44 of 3rd period - Slapshot by Ryan Lindgren.
19:44 of 3rd period - Shot Blocked by Ross Colton.
19:46 of 3rd period - Slapshot by Noah Dobson.
19:46 of 3rd period - Shot Misses the Net.
Goals for this period are 0 for Arizona Coyotes vs 1 for Chicago Black Hawks.
Shots for this period are 11 for Arizona Coyotes vs 13 for Chicago Black Hawks.
Overtime #1
0:01 of 1st overtime period - Penalty to Charlie Coyle is over, Charlie Coyle is back on ice.
0:01 of 1st overtime period - Matthew Beniers wins face-off versus Ross Colton in neutral zone.
0:10 of 1st overtime period - Snap shot by Matthew Beniers.
0:10 of 1st overtime period - Shot Misses the Net.
0:12 of 1st overtime period - Slapshot by Christopher Tanev.
0:12 of 1st overtime period - Goal by Christopher Tanev - Arizona Coyotes : 1 - Chicago Black Hawks : 2.
Goals for this period are 0 for Arizona Coyotes vs 1 for Chicago Black Hawks.
Shots for this period are 0 for Arizona Coyotes vs 1 for Chicago Black Hawks.
Back to the Top